 Dungeon Crawl Stone Soup version 0.19-a0-1223-gf83d13a (webtiles) character file.

382406 magipi the Warrior (level 22, -3/128 HPs)
             Began as a Gargoyle Gladiator on Aug 23, 2016.
             Was the Champion of Hepliaklqana.
             Slain by a spark wasp (16 damage)
             ... on level 3 of the Depths on Aug 24, 2016.
             The game lasted 05:20:37 (52142 turns).

magipi the Warrior (Gargoyle Gladiator)            Turns: 52142, Time: 05:20:39

Health: -3/128     AC: 52    Str: 20    XL:     22   Next: 92%
Magic:  0/33       EV: 18    Int: 18    God:    Hepliaklqana [******]
Gold:   1462       SH:  8    Dex: 19    Spells: 4 memorised, 23 levels left

rFire  + . .     SeeInvis .     b - +3 demon blade (venom)
rCold  + . .     Gourm    .     x - +8 chain mail of the Lost Wishes {rC+ Int+6}
rNeg   + . .     Faith    .     l - +2 buckler {AC+3}
rPois  ∞         Spirit   +     J - +2 hat {MR+}
rElec  +         Dismiss  .     B - +1 cloak
rCorr  +         Reflect  .     I - +2 pair of gloves {Dex+3}
MR     ++...     Harm     .     D - +1 pair of boots
Stlth  ..........               k - amulet of guardian spirit
                                f - ring of protection from fire
                                y - ring of resist corrosion

@: about to teleport, very slightly contaminated, drained
A: big wings, negative energy resistance 1, sense surroundings 1, electricity
resistance, unbreathing, petrification resistance, rot immunity, AC +16
a: Fly, Recall Ancestor, Ancestor Identity, Transference, Idealise, Renounce
Religion
}: 2/15 runes: decaying, serpentine


You were on level 3 of the Depths.
You worshipped Hepliaklqana.
Hepliaklqana was exalted by your worship.
You were not hungry.

You visited 8 branches of the dungeon, and saw 38 of its levels.
You also visited: Labyrinth, Sewer and Ice Cave.

You collected 3518 gold pieces.
You spent 2056 gold pieces at shops.

Notes
Turn   | Place    | Note
-------+----------+-------------------------------------------
     0 | D:1      | magipi the Gargoyle Gladiator began the quest for the Orb.
     0 | D:1      | Reached XP level 1. HP: 12/12 MP: 1/1
   191 | D:1      | Reached XP level 2. HP: 12/17 MP: 2/2
   587 | D:2      | Found a radiant altar of Vehumet.
   666 | D:2      | Reached XP level 3. HP: 14/21 MP: 3/3
  1170 | D:2      | Found a burning altar of Makhleb.
  1170 | D:2      | Noticed a blizzard demon
  1257 | D:3      | Found a burning altar of Makhleb.
  1503 | D:3      | Reached XP level 4. HP: 26/26 MP: 4/4
  1832 | D:3      | Reached XP level 5. HP: 30/30 MP: 5/5
  2061 | D:4      | Noticed a phantom
  2084 | D:4      | Killed a phantom
  2084 | D:4      | Reached skill level 5 in Long Blades
  2305 | D:4      | Noticed PeterMcNeter's ghost (amateur HaFi)
  2445 | D:4      | Reached XP level 6. HP: 25/35 MP: 6/6
  2947 | D:4      | Reached XP level 7. HP: 30/40 MP: 7/7
  3179 | D:4      | Found a shimmering altar of Xom.
  3263 | D:5      | Entered Level 5 of the Dungeon
  3376 | D:5      | Found an iron altar of Okawaru.
  3400 | D:5      | Found a glowing drain.
  3444 | Sewer    | Entered a sewer
  3639 | D:5      | Reached XP level 8. HP: 30/44 MP: 8/8
  3797 | D:5      | Found a sparkling altar of Nemelex Xobeh.
  4190 | D:6      | Found a glowing silver altar of Zin.
  4336 | D:6      | Noticed BrandedWarrior's ghost (novice HEAM)
  4392 | D:7      | Found a shadowy altar of Dithmenos.
  4690 | D:6      | Noticed a yak
  4706 | D:6      | Killed a yak
  4706 | D:6      | Reached skill level 10 in Long Blades
  5003 | D:6      | Reached XP level 9. HP: 48/48 MP: 9/9
  5028 | D:6      | Found a staircase to the Ecumenical Temple.
  5034 | Temple   | Entered the Ecumenical Temple
  5041 | Temple   | Became a worshipper of Hepliaklqana
  5350 | D:6      | Killed BrandedWarrior's ghost
  5666 | D:7      | Noticed Dowan
  5687 | D:7      | Killed Dowan
  5687 | D:7      | Reached skill level 1 in Armour
  5728 | D:7      | Reached skill level 1 in Evocations
  5899 | D:7      | Reached XP level 10. HP: 49/49 MP: 10/10
  5978 | D:7      | Noticed Duvessa
  6113 | D:7      | Killed Duvessa
  6113 | D:7      | Reached skill level 3 in Fighting
  6127 | D:7      | Reached * piety under Hepliaklqana
  6423 | D:8      | Noticed Erica
  6435 | D:8      | Killed Erica
  6435 | D:8      | Reached skill level 4 in Fighting
  6462 | D:8      | Found a snail-covered altar of Cheibriados.
  6617 | D:8      | Reached ** piety under Hepliaklqana
  6618 | D:8      | Remembered your ancestor Lucius as a hexer
  6757 | D:8      | Noticed Grum
  6807 | D:8      | Killed Grum
  6824 | D:8      | Reached skill level 5 in Fighting
  6989 | D:8      | Found a staircase to the Lair.
  7443 | D:9      | Found a bloodstained altar of Trog.
  7545 | D:9      | Reached skill level 5 in Armour
  7627 | D:9      | Found a staircase to the Orcish Mines.
  7698 | D:9      | Noticed a guardian serpent
  7726 | D:9      | HP: 3/81 [yak (8)]
  7730 | D:9      | Killed a guardian serpent
  7730 | D:9      | Reached XP level 11. HP: 4/57 MP: 14/14
  7731 | D:9      | Reached skill level 6 in Fighting
  8262 | D:9      | Reached skill level 5 in Evocations
  8622 | D:10     | Entered Level 10 of the Dungeon
  8656 | D:10     | Reached *** piety under Hepliaklqana
  8851 | D:10     | Found a deep blue altar of Sif Muna.
  9260 | D:10     | Reached skill level 7 in Fighting
  9316 | D:10     | Reached **** piety under Hepliaklqana
  9555 | D:11     | Noticed a brown ugly thing
  9575 | D:11     | Killed a brown ugly thing
  9780 | D:11     | Reached skill level 1 in Invocations
  9995 | D:11     | Noticed a cyan ugly thing
 10014 | D:11     | Killed a cyan ugly thing
 10154 | D:11     | Reached ***** piety under Hepliaklqana
 10437 | Lair:1   | Entered Level 1 of the Lair of Beasts
 11414 | Lair:2   | Noticed Nergalle
 11415 | Lair:2   | Noticed a spectral orc warlord
 11452 | Lair:2   | Noticed Sonja
 11459 | Lair:1   | Reached skill level 5 in Dodging
 11459 | Lair:1   | Reached XP level 12. HP: 47/64 MP: 16/16
 11887 | Lair:2   | Killed Sonja
 12110 | Lair:2   | Killed Nergalle
 12110 | Lair:2   | Reached skill level 5 in Invocations
 12343 | Lair:2   | Found a staircase to the Snake Pit.
 12372 | Lair:2   | Found a staircase to the Swamp.
 12655 | Lair:3   | Reached ****** piety under Hepliaklqana
 12807 | Lair:3   | Identified a scroll of acquirement
 13040 | Lair:3   | Reached XP level 13. HP: 27/68 MP: 19/19
 13879 | Lair:4   | Reached skill level 10 in Armour
 14586 | Lair:5   | Got a dazzling long sword
 14752 | Lair:5   | Identified the +3 long sword "Gargoyle's Curse" {slice, rPois Int-3 Dex+7 Stlth+} (You found it on level 5 of the Lair of Beasts)
 14866 | Lair:5   | Found a snail-covered altar of Cheibriados.
 15102 | Lair:6   | Entered Level 6 of the Lair of Beasts
 15574 | Lair:6   | Found a viscous altar of Jiyva.
 15574 | Lair:6   | Found a staircase to the Slime Pits.
 15921 | Lair:6   | Reached skill level 8 in Fighting
 16044 | Lair:6   | Gained mutation: Your large and strong wings let you fly indefinitely. [Gargoyle growth]
 16044 | Lair:6   | Reached XP level 14. HP: 75/75 MP: 21/21
 16382 | Lair:6   | Reached skill level 10 in Evocations
 16399 | Lair:6   | Noticed an acid blob
 16705 | Lair:6   | Reached skill level 10 in Invocations
 16781 | Lair:6   | Got a bronze scale mail
 16829 | Lair:5   | Identified the +6 scale mail of the Orcish Mines {MR+} (You found it on level 6 of the Lair of Beasts)
 16860 | Lair:4   | Reached skill level 9 in Fighting
 17002 | Orc:1    | Entered Level 1 of the Orcish Mines
 17072 | Orc:2    | Entered Level 2 of the Orcish Mines
 17076 | Orc:2    | Found a roughly hewn altar of Beogh.
 17090 | Orc:2    | Found a labyrinth entrance.
 17148 | Lab      | Entered a labyrinth
 17555 | Lab      | Identified a +6 rod of clouds (12/12) (You found it in a labyrinth)
 17556 | Lab      | Identified a +7 rod of inaccuracy (13/13) (You found it in a labyrinth)
 17891 | Orc:2    | Found a staircase to the Elven Halls.
 18184 | Orc:1    | Noticed an orc warlord
 18189 | Orc:1    | Noticed an orc warlord
 18654 | Orc:1    | Found a roughly hewn altar of Beogh.
 19234 | Orc:2    | Noticed an orc warlord
 19274 | Orc:2    | Killed an orc warlord
 19425 | Orc:2    | Noticed Urug
 19458 | Orc:2    | Killed Urug
 19546 | Orc:2    | Found a roughly hewn altar of Beogh.
 19657 | Orc:2    | Reached skill level 10 in Fighting
 19944 | Orc:2    | Found Quza's Antique Weapon Boutique.
 19953 | Orc:2    | Found Taqel's Book Boutique.
 20115 | Orc:2    | Found Udou's General Store.
 20122 | Orc:2    | Bought a potion of brilliance for 52 gold pieces
 20132 | Orc:2    | Found Meusadwo's Antique Armour Boutique.
 20140 | Orc:2    | Bought an ichor-stained scale mail for 252 gold pieces
 20151 | Orc:2    | Identified the +4 scale mail of the Journeyman {MR+ SInv} (You bought it in a shop on level 2 of the Orcish Mines)
 20274 | Orc:1    | Killed an orc warlord
 20283 | Orc:1    | Killed an orc warlord
 20485 | Orc:2    | Bought a book of Spatial Translocations for 910 gold pieces
 20487 | Orc:2    | Learned a level 1 spell: Apportation
 20490 | Orc:2    | Learned a level 2 spell: Blink
 20661 | D:12     | Reached skill level 1 in Spellcasting
 20713 | D:12     | Reached skill level 1 in Translocations
 21062 | D:12     | Reached XP level 15. HP: 83/83 MP: 23/23
 21571 | D:13     | Found a frozen archway.
 21615 | IceCv    | Entered an ice cave
 22282 | IceCv    | Noticed a frost giant
 22297 | IceCv    | Killed a frost giant
 22297 | IceCv    | Reached skill level 5 in Spellcasting
 22320 | IceCv    | Reached skill level 5 in Translocations
 22518 | IceCv    | Got a coiled marble ring
 22529 | IceCv    | Identified the ring of the Aged Stars {Ice rN+ MR- MP+9} (You found it in an ice cave)
 22970 | D:13     | Noticed Kirke
 22998 | D:13     | Killed Kirke
 23475 | D:14     | Noticed Louise
 23505 | D:14     | Killed Louise
 23795 | D:14     | Found Wilyonui's Food Emporium.
 23829 | D:14     | Found a basalt altar of Yredelemnul.
 24334 | D:14     | You are sucked into a shaft!
 24334 | D:15     | Entered Level 15 of the Dungeon
 25190 | D:14     | Reached XP level 16. HP: 41/88 MP: 25/25
 25480 | D:14     | Found a gate to the Vaults.
 25565 | D:15     | Found Ihyifank's Food Shoppe.
 25869 | D:15     | Found Fesejaor's Antique Armour Boutique.
 26553 | D:15     | Found Leuhuddu's Distillery.
 26580 | D:15     | Bought a potion of might for 52 gold pieces
 26580 | D:15     | Bought a potion of heal wounds for 65 gold pieces
 26580 | D:15     | Bought a potion of curing for 39 gold pieces
 26580 | D:15     | Bought a potion of curing for 39 gold pieces
 26656 | D:15     | Noticed Rupert
 26983 | D:4      | Killed PeterMcNeter's ghost
 27168 | Swamp:1  | Entered Level 1 of the Swamp
 28086 | Swamp:1  | Upgraded the game from 0.19-a0-1216-g363869b to 0.19-a0-1223-gf83d13a
 28141 | Swamp:2  | Got a steaming chain mail
 28171 | Swamp:2  | Identified the +8 chain mail of the Lost Wishes {rC+ Int+6} (You found it on level 2 of the Swamp)
 28410 | Swamp:2  | Noticed a thorn hunter
 28424 | Swamp:2  | Killed a thorn hunter
 29300 | Swamp:4  | Entered Level 4 of the Swamp
 29300 | Swamp:4  | Noticed a thorn hunter
 29318 | Swamp:3  | Killed a thorn hunter
 29318 | Swamp:3  | Reached skill level 5 in Throwing
 30505 | Swamp:3  | Reached XP level 17. HP: 33/92 MP: 26/26
 31048 | Swamp:4  | Noticed Roxanne
 32401 | Swamp:4  | Got a decaying rune of Zot
 32524 | Snake:1  | Entered Level 1 of the Snake Pit
 32731 | Snake:1  | Gained mutation: You passively map a small area around you. [potion of beneficial mutation]
 33651 | Snake:2  | Reached skill level 10 in Dodging
 33689 | Snake:2  | Reached XP level 18. HP: 77/97 MP: 27/27
 34197 | Snake:3  | Found Nycsek's Antique Weapon Emporium.
 34649 | Snake:3  | Reached skill level 11 in Fighting
 34758 | Snake:3  | Noticed Bai Suzhen
 34802 | Snake:3  | Killed Bai Suzhen
 35230 | Snake:4  | Entered Level 4 of the Snake Pit
 35230 | Snake:4  | Noticed Vashnia
 35230 | Snake:4  | Noticed Aizul
 35759 | Snake:4  | Killed Vashnia
 35759 | Snake:4  | Reached skill level 12 in Fighting
 36273 | Snake:4  | Noticed Saint Roka
 36308 | Snake:4  | Killed Aizul
 36901 | Snake:4  | Killed Saint Roka
 37780 | Snake:4  | Reached skill level 13 in Fighting
 37807 | Snake:4  | Reached XP level 19. HP: 57/107 MP: 18/29
 39529 | Snake:4  | Reached skill level 14 in Fighting
 39856 | Snake:4  | Got a serpentine rune of Zot
 40209 | Elf:1    | Entered Level 1 of the Elven Halls
 40570 | D:10     | Identified Sif Muna's Grimoire of Feathers
 40712 | D:13     | Learned a level 3 spell: Portal Projectile
 40717 | D:13     | Learned a level 4 spell: Passage of Golubria
 42612 | Elf:2    | Reached XP level 20. HP: 84/114 MP: 27/31
 42918 | Elf:2    | Reached skill level 1 in Shields
 43030 | Elf:3    | Entered Level 3 of the Elven Halls
 43658 | D:15     | Killed Rupert
 43658 | D:15     | Reached skill level 5 in Shields
 43707 | D:15     | Found a staircase to the Depths.
 43781 | Depths:1 | Entered Level 1 of the Depths
 44025 | Depths:1 | Reached skill level 10 in Translocations
 44095 | Depths:1 | Found a gateway to Hell.
 46412 | Depths:1 | Reached XP level 21. HP: 118/118 MP: 32/32
 47639 | Depths:2 | Found a one-way gate to the infinite horrors of the Abyss.
 47643 | Depths:2 | Noticed the Enchantress
 47666 | Depths:2 | Killed the Enchantress
 47698 | Depths:2 | Got a faerie dragon armour
 47714 | Depths:2 | Identified the +2 faerie dragon armour {+Inv rF- rC- Dex+8} (You took it off the Enchantress on level 2 of the Depths)
 47897 | Depths:2 | Found Raopya's Jewellery Shoppe.
 47926 | Depths:2 | Found Dimafat's Gadget Shop.
 47928 | Depths:2 | Found Evoschar's Jewellery Shoppe.
 47935 | Depths:2 | Bought a wand of digging (10/24) for 504 gold pieces
 47937 | Depths:2 | Bought a cursed -4 ring of strength for 44 gold pieces
 47937 | Depths:2 | Bought a cursed ring of teleportation for 99 gold pieces
 48871 | Depths:3 | Found a gateway to a ziggurat.
 49118 | Depths:3 | Reached skill level 15 in Armour
 49259 | Depths:3 | Reached XP level 22. HP: 105/123 MP: 29/33
 49709 | Depths:3 | Noticed a golden dragon
 49763 | Depths:3 | Killed a golden dragon
 50170 | Depths:3 | Reached skill level 15 in Fighting
 50489 | Depths:3 | Noticed a caustic shrike
 50489 | Depths:3 | Noticed a caustic shrike
 50731 | Depths:2 | Killed a caustic shrike
 51082 | Depths:3 | Noticed a caustic shrike
 51083 | Depths:3 | Noticed a caustic shrike
 51112 | Depths:3 | Killed a caustic shrike
 51136 | Depths:3 | Killed a caustic shrike
 51143 | Depths:3 | Killed a caustic shrike
 51684 | Depths:3 | Reached skill level 16 in Fighting
 52028 | Depths:3 | Reached skill level 15 in Dodging
 52097 | Depths:3 | Found a one-way gate leading to the halls of Pandemonium.
 52139 | Depths:3 | HP: 3/128 [tengu reaver/bolt of magma (17)]
 52142 | Depths:3 | Slain by a spark wasp

Inventory:

Hand Weapons
 a - a +5 scimitar of flaming
 b - a +3 demon blade of venom (weapon)
Missiles
 h - 23 javelins
 C - 2 throwing nets (quivered)
Armour
 l - a +2 buckler of protection (worn)
 q - the +4 scale mail of the Journeyman {MR+ SInv}
   (You bought it in a shop on level 2 of the Orcish Mines)

   It affects your resistance to hostile enchantments.
   It lets you see invisible.
 x - the +8 chain mail of the Lost Wishes (worn) {rC+ Int+6}
   (You found it on level 2 of the Swamp)

   It affects your intelligence (+6).
   It protects you from cold.
 B - a +1 cloak (worn)
 D - a +1 pair of boots (worn)
 I - a +2 pair of gloves of dexterity (worn)
 J - a +2 hat of magic resistance (worn)
Rods
 w - a +5 iron rod (10/10)
   (You found it in a labyrinth)
 L - a +6 rod of clouds (7/12)
   (You found it in a labyrinth)
 V - a +7 rod of inaccuracy (13/13)
   (You found it in a labyrinth)
Jewellery
 f - a ring of protection from fire (right hand)
 i - an uncursed ring of see invisible
 j - a +2 ring of slaying
 k - an amulet of guardian spirit (around neck)
 n - an uncursed ring of positive energy
 y - a ring of resist corrosion (left hand)
 K - an uncursed ring of fire {unknown}
Wands
 s - a wand of disintegration (7/24)
 u - a wand of digging (5/24)
 z - a wand of polymorph (15/24)
 H - a wand of iceblast (5/15)
 P - a wand of teleportation (2/9)
 R - a wand of lightning (1/15)
 W - a wand of paralysis (3/24)
Scrolls
 c - 2 scrolls of silence
 e - 20 scrolls of remove curse
 m - 2 scrolls of enchant armour
 o - 5 scrolls of magic mapping
 r - 4 scrolls of recharging
 v - 12 scrolls of immolation
 N - 3 scrolls of fog
 Q - 5 scrolls of identify
 T - 2 scrolls of teleportation
 X - 6 scrolls of enchant weapon
Potions
 d - 6 potions of lignification
 g - 7 potions of curing
 A - a potion of might
 F - 2 potions of magic
 M - 5 potions of agility
 U - a potion of invisibility
 Y - a potion of cancellation
Comestibles
 t - a bread ration
 E - 3 meat rations


   Skills:
 + Level 16.3(15.9) Fighting
 - Level 14.3(14.0) Long Blades
 - Level 9.5(9.2) Throwing
 - Level 15.3(14.9) Armour
 + Level 15.0(14.6) Dodging
 - Level 5.0(4.8) Shields
 - Level 6.0(5.7) Spellcasting
 - Level 12.2(11.9) Translocations
 - Level 11.4(11.1) Invocations
 - Level 14.8(14.5) Evocations


You had 23 spell levels left.
You knew the following spells:

 Your Spells              Type           Power        Failure   Level  Hunger
a - Apportation           Tloc           #####.....   1%          1    None
b - Blink                 Tloc           N/A          1%          2    None
c - Portal Projectile     Tloc           #####.       1%          3    ##.....
d - Passage of Golubria   Tloc           N/A          6%          4    ####...


Dungeon Overview and Level Annotations

Branches:
Dungeon (15/15)            Temple (1/1) D:6            Lair (6/6) D:8
  Swamp (4/4) Lair:2        Snake (4/4) Lair:2        Slime (0/5) Lair:6
    Orc (2/2) D:9             Elf (3/3) Orc:2        Vaults (0/5) D:14
 Depths (3/5) D:15

Altars:
Cheibriados
Dithmenos
Elyvilon
Fedhas
Gozag
Hepliaklqana
Kikubaaqudgha
Makhleb
Nemelex Xobeh
Okawaru
Sif Muna
Trog
Vehumet
Xom
Yredelemnul
Zin
The Shining One
Beogh
Jiyva

Shops:
D:14 %   D:15 [%!   Orc:2 (:[*   Snake:3 (   Depths:2 ==}

Portals:
Hell: Depths:1 Depths:2 Depths:3
Abyss: Depths:2
Pandemonium: Depths:3
Ziggurat: Depths:3

Annotations:
Swamp:4 exclusion: Roxanne, Roxanne
Elf:3 return?


Innate Abilities, Weirdness & Mutations

You are resistant to torment.
Your stone body is resilient. (AC +16)
You are immune to poison.
Your large and strong wings let you fly indefinitely.
You resist negative energy. (rN+)
You are resistant to electric shocks. (rElec)
You can survive without breathing.
You are immune to petrification.
You are immune to rotting.
You passively map a small area around you.

Vault maps used:
D:1:      dpeg_arrival_tiny_a
D:2:      fiery_altar_vehumet, makhleb_altar_promises_db
D:3:      nicolae_overflow_hidden_temple
D:4:      kennysheep_mini, first_bread, st_stairs_4, wad_floor_pattern_2
D:5:      kennysheep_okawaru_gauntlet, portal_sewer_entry_c,
          nemelex_diamond_rough_becter
D:6:      lemuel_round_altar
D:7:      basic_altar, uniq_duvessa
D:8:      slow_altar_1, david_lair_shrubbed, uniq_erica, uniq_grum
D:9:      trog_ov_bears_minmay, orc_0_dummy, the_bakery, hex_tiny,
          nrook_guardian_serpent_ordinary
D:10:     led_sif_book
D:11:     nicolae_whirlpool
D:13:     portal_ice_cave_entry_pillars_1, uniq_kirke
D:14:     grunt_vaults_entry_fortified, yredelemnul_altar_generic, serial_shops,
          shop, uniq_louise, uniq_urug
D:15:     grunt_enter_depths_magical_seal, hangedman_abyss_or_decor_stagger,
          serial_shops, nicolae_shop_waterfront,
          nicolae_shop_competitors_out_of_business, nicolae_shop_trees,
          uniq_rupert
Temple:   eino_temple_lava
Lair:1:   hibernation_bobbens
Lair:2:   minmay_swamp_entry_swarm, dummy_snake_entry, minmay_hedge_maze,
          fungi_pond_lemuel, minivault_11, lemuel_fruit_fields, uniq_sonja,
          uniq_nergalle
Lair:3:   lemuel_fruit_tree
Lair:4:   dpeg_oklob_shooting_range
Lair:5:   kennysheep_snail_temple, grunt_megastairs_4
Lair:6:   gammafunk_lair_ancient_temple, dpeg_slime_entry_enclosed_altar,
          minmay_stone_trees_medium, st_stairs_10, minivault_25
Swamp:1:  evilmike_swamp_ruin_house_1
Swamp:2:  nicolae_swamp_treefoil
Swamp:3:  nicolae_swamp_round_clearing
Swamp:4:  swamp_vile, uniq_roxanne
Snake:1:  dpeg_oklob_gauntlet
Snake:2:  serial_bayou_shore_a
Snake:3:  serial_shops, shop_statue, st_stairs_5,
          nicolae_snake_salamander_stairs, uniq_bai_suzhen
Snake:4:  snake_pit, st_stairs_6, spider_trap, nicolae_snake_single_loop,
          uniq_saint_roka, uniq_vashnia, uniq_aizul
Orc:1:    basic_altar
Orc:2:    grunt_orc_cross, lab_entry_generic, basic_altar
Elf:1:    eino_elf_arrival_shootout, evilmike_minifort, spider_trap,
          minivault_25_ag, nrook_loot_triangle, lemuel_flamethrower_3
Elf:2:    basic_stair_grate_trap
Elf:3:    elf_hall_gauntlet_wide
Depths:1: pf_dread_powers_of_hell, serial_bayou_pond_b, serial_bayou_crossing,
          uniq_enchantress, uniq_jorgrun
Depths:2: cheibrodos_birdhouse, abyss_entry, minmay_misc_feat_plants,
          hell_entry, minmay_shop_grove, minmay_staircase_windowed_large,
          firewood_loft
Depths:3: grunt_bent_corner, enter_ziggurat_a, pf_coc_iceberg, special_room,
          rand_demon_pan_entry_7, hangedman_decor_points, eino_tiny_chamber,
          minmay_staircase_statues_hall_small, serial_bayou_shore_b
Lab:      labyrinth_mini_lab, nicolae_lab_lava, nicolae_lab_starburst,
          nicolae_lab_quarters
Sewer:    sewer_the_crocodile
IceCv:    ice_cave_caverns_01


Message History

The battlesphere is engulfed in roaring flames.
You slice the spriggan air mage!! You burn the spriggan air mage.
You kill the spriggan air mage!
The battlesphere is engulfed in roaring flames. x2
Unknown command.
Your +5 scimitar of flaming stops flaming.
Your +3 demon blade of venom begins to drip with poison!
b - a +3 demon blade of venom (weapon)
The battlesphere is engulfed in roaring flames.
The tengu reaver completely misses you.
You riposte.
You closely miss the tengu reaver.
The tengu reaver is almost dead.
The tengu reaver pecks you but does no damage.
You block the tengu reaver's attack.
You slash the fire giant!
The fire giant is poisoned.
The fire giant is lightly wounded.
The fire giant is engulfed in roaring flames.
The fire giant hits you but does no damage.
Unknown command.
You slash the fire giant!
The fire giant looks as sick as possible!
The fire giant is lightly wounded.
The battlesphere is engulfed in roaring flames.
The tengu reaver closely misses you.
You riposte.
The tengu reaver blocks your attack.
The tengu reaver is almost dead.
You block the tengu reaver's attack.
The tengu reaver claws you but does no damage.
The tengu reaver blocks your attack.
The tengu reaver is almost dead.
The fire giant is engulfed in roaring flames.
The fire giant hits you with a great sword of flaming!
Unknown command.
You miss the tengu reaver.
The tengu reaver is almost dead.
The tengu reaver gestures at you while chanting.
The bolt of magma hits you! You partially resist.
The battlesphere is engulfed in roaring flames.
Unknown command.
You closely miss the tengu reaver.
The tengu reaver is almost dead.
The battlesphere is engulfed in roaring flames. x2
The fire giant is engulfed in roaring flames.
The fire giant barely misses you.
You riposte.
You hit the fire giant but do no damage.
The fire giant looks as sick as possible!
The fire giant is moderately wounded.
You miss the tengu reaver.
The tengu reaver is almost dead.
The battlesphere is engulfed in roaring flames.
The tengu reaver points at you and mumbles some strange words.
The bolt of magma hits you! You partially resist.
* * * LOW HITPOINT WARNING * * *
The battlesphere is engulfed in roaring flames. x3
Unknown command.
You hit the fire giant but do no damage.
The fire giant looks as sick as possible!
The fire giant is moderately wounded.
The tengu reaver hits you but does no damage.
The tengu reaver barely misses you.
The tengu reaver claws you but does no damage.
The fire giant is engulfed in roaring flames.
The fire giant hits you but does no damage.
Press: ? - help, v - describe, . - travel
Here: a tengu reaver, wielding an enchanted war axe, wearing a ring mail and wearing a buckler (almost dead, poisoned)
The floor, spattered with blood.
Unknown command.
You hit the tengu reaver but do no damage.
The tengu reaver looks as sick as possible!
The tengu reaver is almost dead.
The battlesphere is engulfed in roaring flames.
Unknown command.
The battlesphere is engulfed in roaring flames. x2
The tengu reaver casts a spell at you. The bolt of magma hits you!
You partially resist.
* * * LOW HITPOINT WARNING * * *
The fire giant is engulfed in roaring flames.
You hear a shout!
Blink to where?
Press: ? - help, Dir - move target cursor You are very lightly contaminated with residual magic.
As you read the scroll of blinking, it crumbles to dust.
A frost giant and 3 spark wasps come into view.
The frost giant is wielding a battleaxe of freezing.
The spark wasp buzzes angrily. x2; The frost giant shouts!
You hear a shout!
A spark wasp comes into view.
Okay, then.
Unknown command.
Evoke which item? (* to show all) (? for menu, Esc to quit)
Okay, then.
Unknown command.
You feel better.
The spark wasp buzzes angrily.
The spark wasp closely misses you. x2; You riposte.
You hit the spark wasp.
The spark wasp is poisoned.
The spark wasp is lightly wounded.
Unknown command.
As you read the scroll of teleportation, it crumbles to dust.
You feel strangely unstable. The spark wasp stings you!!
You die...

........#* ,, * ......... , , ,
........G, ,, ......... ,, , ,
#..###### * * * #..# ,,,* #..#
#...#
#).####################...####*
#...............@y...........
................yy..y.......
..(...(.................... ,
..#######.C###....###.#...#* *
..# #*.#.###'##∩# #.C.# >)#
#..##'Q.C.'##.#...# ..#
##[Q#.#''#.#..#...# ..#
#*.'.'..'.#..#...#
..#####**#..#.'..'C'......######*


You could see a frost giant, a fire giant, 4 spark wasps and a battlesphere.

Vanquished Creatures
  Vashnia (Snake:4)
  Bai Suzhen (Snake:3)
  Saint Roka (Snake:4)
  4 caustic shrikes
  the Enchantress (Depths:2)
  Rupert (D:15)
  A lich (Depths:3)
  A quicksilver dragon (Depths:3)
  2 thorn hunters
  4 sphinxes
  A storm dragon (Depths:3)
  A shadow dragon (Depths:3)
  Kirke (D:13)
  3 tengu reavers
  6 greater nagas
  5 fire giants
  3 frost giants
  Louise (D:14)
  3 orc warlords
  Aizul (Snake:4)
  A juggernaut zombie (Depths:2)
  10 stone giants
  6 spriggan defenders
  23 very ugly things
  A vampire knight (Depths:2)
  4 spark wasps
  A merfolk javelineer (Depths:1)
  6 ettins
  A minotaur (Lab)
  2 death oozes (Swamp:4)
  A merfolk impaler (Depths:1)
  4 fire dragons
  7 ogre magi
  2 ghost crabs
  2 rakshasas
  6 spriggan air magi
  17 hydras
  2 ice dragons
  5 vault guards (D:14)
  12 naga warriors
  Erica (D:8)
  A hell beast (Swamp:4)
  A catoblepas (Lair:4)
  9 centaur warriors
  10 anacondas
  2 death knights
  8 dancing weapons
  A merfolk avatar (Lair:6)
  2 deep troll shamans
  A vampire mage (Depths:3)
  8 alligators
  Urug (Orc:2)
  5 deep troll earth magi
  3 orc high priests
  2 death yaks (IceCv)
  2 spriggan berserkers
  7 tengu warriors
  11 naga sharpshooters
  A soul eater (Depths:2)
  9 shock serpents
  A thrashing horror (Swamp:4)
  9 deep elf knights
  A storm dragon zombie (Depths:3)
  Sonja (Lair:2)
  Nergalle (Lair:2)
  10 hell knights (Depths:1)
  4 salamander mystics (Snake:4)
  4 spriggan druids
  An unseen horror (D:14)
  2 golden dragon zombies
  16 deep trolls
  3 shambling mangroves (Swamp:3)
  3 giant orange brains
  4 swamp dragons
  8 naga ritualists
  2 wizards
  An anubis guard (shapeshifter) (Depths:2)
  4 sea snakes
  4 orc knights
  A harpy (shapeshifter) (D:12)
  5 hill giants
  11 deep elf archers
  2 phantasmal warriors (Depths:2)
  5 harpies
  30 ugly things
  8 necromancers
  7 mana vipers
  4 orc sorcerers
  4 hornets
  A hornet (shapeshifter) (D:14)
  29 deep elf magi
  4 cyclopes
  A frost giant zombie (Depths:2)
  The ghost of BrandedWarrior the Shooter, a novice HEAM of Cheibriados (D:6)
  7 griffons
  7 manticores
  23 salamanders
  14 elephants
  23 naga magi
  2 titan simulacra (Depths:2)
  3 gargoyles (D:14)
  42 black mambas
  4 guardian serpents
  A torpor snail (Lair:5)
  An ice statue (IceCv)
  2 orange demons (Swamp:4)
  14 spiny frogs
  A kobold demonologist (D:13)
  4 rime drakes
  A spriggan zombie (Depths:2)
  6 komodo dragons
  7 yaktaurs
  13 trolls
  8 tengu conjurers
  A two-headed ogre (shapeshifter) (Depths:2)
  5 giant leeches
  A tengu simulacrum (Depths:2)
  12 bog bodies
  48 slime creatures
  13 two-headed ogres
  A wind drake (shapeshifter) (Depths:1)
  14 polar bears
  14 blink frogs
  2 large abominations (Swamp:4)
  5 shadows
  A frost giant simulacrum (Depths:2)
  An iron dragon simulacrum (Depths:3)
  6 water elementals
  7 redbacks (Elf:1)
  41 yaks
  6 air elementals
  3 wraiths
  10 spriggans
  3 wyverns
  2 fire elementals (Elf:1)
  4 hogs (D:13)
  2 basilisks
  6 hippogriffs
  3 hungry ghosts
  9 swamp worms
  22 vampire mosquitoes
  2 wargs
  The ghost of PeterMcNeter the Cutter, an amateur HaFi (D:4)
  6 insubstantial wisps (Swamp:3)
  10 water moccasins
  43 nagas
  5 hell hounds (Depths:3)
  2 soldier ants (D:15)
  2 soldier ants (shapeshifter) (Depths:2)
  4 porcupines
  A giant eyeball (shapeshifter) (Depths:1)
  5 ice beasts
  7 swamp drakes
  36 orc warriors
  3 eyes of draining
  3 black bears
  5 sky beasts
  17 wasps
  23 ogres
  2 necrophages
  3 phantoms
  28 wolves
  16 boggarts
  A tengu (shapeshifter) (Depths:2)
  21 centaurs
  2 big kobolds
  9 crocodiles
  17 giant frogs
  A small abomination (Swamp:4)
  A wyvern zombie (D:14)
  3 scorpions
  A wyvern skeleton (D:6)
  Dowan (D:7)
  7 wights
  3 howler monkeys
  2 electric eels
  4 lava snakes (Snake:4)
  13 crimson imps
  6 hounds
  3 quasits
  5 centaur skeletons
  30 orc wizards
  21 orc priests
  3 giant frog skeletons
  An iron imp (Depths:3)
  4 jellies
  5 hexers
  3 iguanas
  14 worker ants
  11 sheep
  A mummy (D:8)
  A howler monkey zombie (D:6)
  3 worker ant zombies
  6 gnolls
  7 adders
  14 river rats
  4 shadow imps
  An ooze (D:2)
  An adder zombie (D:6)
  3 worms
  A dart slug (D:1)
  7 giant geckos
  75 orcs
  8 giant cockroaches
  5 goblins
  6 hobgoblins
  10 jackals
  5 quokkas
  4 ball pythons
  7 bats
  8 giant newts
  A jackal zombie (D:5)
  15 kobolds
  4 rats
1470 creatures vanquished.

Vanquished Creatures (collateral kills)
  A golden dragon (Depths:3)
  A tentacled monstrosity (Depths:3)
  A titan (Depths:3)
  A tengu reaver (Depths:3)
  A greater naga (Snake:4)
  A frost giant (Depths:1)
  2 fire giants
  A spriggan defender (Depths:1)
  2 stone giants (Depths:3)
  3 very ugly things
  A green death (Swamp:4)
  A fire dragon (Depths:2)
  A yaktaur captain (Depths:3)
  3 naga warriors
  A hydra (Swamp:2)
  3 alligators
  A tengu warrior (Depths:1)
  7 dancing weapons
  6 naga sharpshooters
  A deep troll earth mage (Depths:3)
  5 deep elf knights
  3 deep trolls (Depths:3)
  A salamander mystic (Snake:4)
  A skeletal warrior (D:14)
  2 swamp dragons
  A wizard (Depths:2)
  2 orc knights (Orc:2)
  7 deep elf magi
  A mana viper (Snake:4)
  4 ugly things
  A griffon (Lair:2)
  An orc sorcerer (Orc:2)
  3 salamanders (Snake:4)
  2 elephants
  A guardian serpent (Snake:2)
  A black mamba (shapeshifter) (Elf:1)
  4 naga magi
  4 black mambas
  3 spiny frogs
  2 komodo dragons
  A rime drake (Lair:6)
  A komodo dragon (shapeshifter) (D:15)
  2 tengu conjurers
  A hexer (Depths:2)
  A two-headed ogre (D:15)
  2 polar bears (IceCv)
  A boulder beetle (shapeshifter) (Depths:3)
  17 slime creatures
  A blink frog (Lair:2)
  3 shadows
  2 spriggans (Swamp:3)
  An air elemental (Elf:1)
  3 water elementals (Depths:1)
  A wraith (D:15)
  10 yaks
  A fire elemental (Elf:2)
  A hog (D:13)
  A wyvern (Lair:6)
  2 hippogriffs
  A hippogriff (shapeshifter) (Depths:1)
  Grum (D:8)
  4 vampire mosquitoes
  3 nagas
  5 swamp worms
  A water moccasin (Lair:1)
  Duvessa (D:7)
  A swamp drake (Swamp:2)
  5 orc warriors
  4 wasps
  An ice beast (D:10)
  2 sky beasts
  3 ogres
  A boggart (Depths:2)
  2 wolves
  3 centaurs
  A crocodile (Lair:6)
  2 earth elementals (Elf:1)
  A howler monkey (D:7)
  2 lava snakes (Snake:4)
  A hound (D:6)
  9 orc wizards
  2 iguanas
  2 worker ants
  A sheep (Lair:1)
  A worker ant zombie (D:6)
  A gnoll (D:7)
  3 river rats
  An adder skeleton (D:8)
  6 orcs
  2 kobolds
  A fungus (Lair:2)
  A plant (Depths:1)
215 creatures vanquished.

Vanquished Creatures (others)
  A very ugly thing (Depths:1)
  A deep elf death mage (Elf:1)
  A dancing weapon (Elf:2)
  A tengu warrior (Depths:1)
  A naga mage (Snake:4)
  A troll (Orc:1)
  A swamp drake (Swamp:3)
  An ogre (Orc:1)
  58 hexers
  An orc (Snake:4)
  A giant cockroach (D:2)
  2 fungi (Lair:5)
  32 plants
102 creatures vanquished.

Grand Total: 1787 creatures vanquished

Action                   |  1- 3 |  4- 6 |  7- 9 | 10-12 | 13-15 | 16-18 | 19-21 | 22-24 || total
-------------------------+-------+-------+-------+-------+-------+-------+-------+-------++-------
Melee: Long sword        |   198 |   154 |   367 |    31 |       |       |       |       ||   750
       Scimitar          |       |       |       |   615 |  1634 |  1965 |  1823 |   336 ||  6373
       Demon blade       |       |       |       |       |       |       |   117 |   327 ||   444
Throw: Javelin           |     9 |    10 |       |     7 |     3 |     3 |       |       ||    32
       Throwing net      |       |     1 |     3 |     2 |       |       |       |     1 ||     7
 Cast: Apportation       |       |       |       |       |       |     2 |     2 |       ||     4
       Blink             |       |       |       |       |       |       |       |     1 ||     1
Invok: Ancestor Identity |       |       |       |     2 |       |       |       |       ||     2
       Ancestor Life: He |       |       |       |     1 |       |       |       |       ||     1
       Recall Ancestor   |       |       |       |     1 |     1 |     5 |    15 |     2 ||    24
 Abil: Fly               |       |       |       |       |     1 |     1 |       |       ||     2
       Stop Flying       |       |       |       |       |     1 |       |     1 |       ||     2
Evoke: Wand              |       |       |     1 |    10 |    26 |    31 |    20 |    12 ||   100
       Rod               |       |       |       |       |     1 |    13 |    26 |     7 ||    47
       Phantom mirror    |       |       |       |       |     1 |       |       |       ||     1
  Use: Potion            |     1 |       |     2 |     3 |     9 |    17 |     4 |     2 ||    38
       Scroll            |       |     6 |     3 |    16 |    16 |    14 |     5 |     6 ||    66
 Stab: Held in net/web   |       |     1 |       |       |       |       |       |       ||     1
       Distracted        |       |       |     2 |    14 |    22 |    26 |    25 |     4 ||    93
       Confused          |       |       |       |    20 |    16 |    14 |    67 |    17 ||   134
       Paralysed         |       |       |       |     3 |    31 |   123 |   136 |    61 ||   354
       Invisible         |       |       |       |       |     3 |     7 |       |       ||    10
  Eat: Chunk             |     2 |     4 |     6 |    20 |    15 |     1 |     5 |     4 ||    57
       Fruit             |       |     1 |     1 |     6 |    18 |     3 |       |       ||    29
       Pizza             |       |       |     2 |       |     2 |       |       |       ||     4
       Beef jerky        |       |       |       |     1 |     2 |     1 |     1 |       ||     5
       Bread ration      |       |       |       |       |     3 |     9 |     7 |     1 ||    20
       Royal jelly       |       |       |       |       |       |     1 |       |       ||     1
       Meat ration       |       |       |       |       |       |       |     2 |     1 ||     3
Armor: Chain mail        |   115 |    96 |   182 |   290 |    12 |   494 |   552 |   256 ||  1997
       Leather armour    |     3 |       |       |       |       |       |       |       ||     3
       Mottled dragon ar |       |       |       |       |   145 |       |       |       ||   145
       Scale mail        |       |       |       |       |   355 |   435 |   119 |       ||   909
       Ring mail         |       |       |       |       |    74 |    36 |       |       ||   110
Dodge: Dodged            |    75 |    63 |    92 |   235 |   825 |   875 |   588 |   224 ||  2977
Block: Buckler           |       |       |       |       |       |       |   239 |   127 ||   366

Action                   |  1- 3 |  4- 6 |  7- 9 | 10-12 | 13-15 | 16-18 | 19-21 | 22-24 || total
-------------------------+-------+-------+-------+-------+-------+-------+-------+-------++-------
Melee: Long sword        |   198 |   154 |   367 |    31 |       |       |       |       ||   750
       Scimitar          |       |       |       |   615 |  1634 |  1965 |  1823 |   336 ||  6373
       Demon blade       |       |       |       |       |       |       |   117 |   327 ||   444
Throw: Javelin           |     9 |    10 |       |     7 |     3 |     3 |       |       ||    32
       Throwing net      |       |     1 |     3 |     2 |       |       |       |     1 ||     7
 Cast: Apportation       |       |       |       |       |       |     2 |     2 |       ||     4
       Blink             |       |       |       |       |       |       |       |     1 ||     1
Invok: Ancestor Identity |       |       |       |     2 |       |       |       |       ||     2
       Ancestor Life: He |       |       |       |     1 |       |       |       |       ||     1
       Recall Ancestor   |       |       |       |     1 |     1 |     5 |    15 |     2 ||    24
 Abil: Fly               |       |       |       |       |     1 |     1 |       |       ||     2
       Stop Flying       |       |       |       |       |     1 |       |     1 |       ||     2
Evoke: Wand              |       |       |     1 |    10 |    26 |    31 |    20 |    12 ||   100
       Rod               |       |       |       |       |     1 |    13 |    26 |     7 ||    47
       Phantom mirror    |       |       |       |       |     1 |       |       |       ||     1
  Use: Potion            |     1 |       |     2 |     3 |     9 |    17 |     4 |     2 ||    38
       Scroll            |       |     6 |     3 |    16 |    16 |    14 |     5 |     6 ||    66
 Stab: Held in net/web   |       |     1 |       |       |       |       |       |       ||     1
       Distracted        |       |       |     2 |    14 |    22 |    26 |    25 |     4 ||    93
       Confused          |       |       |       |    20 |    16 |    14 |    67 |    17 ||   134
       Paralysed         |       |       |       |     3 |    31 |   123 |   136 |    61 ||   354
       Invisible         |       |       |       |       |     3 |     7 |       |       ||    10
  Eat: Chunk             |     2 |     4 |     6 |    20 |    15 |     1 |     5 |     4 ||    57
       Fruit             |       |     1 |     1 |     6 |    18 |     3 |       |       ||    29
       Pizza             |       |       |     2 |       |     2 |       |       |       ||     4
       Beef jerky        |       |       |       |     1 |     2 |     1 |     1 |       ||     5
       Bread ration      |       |       |       |       |     3 |     9 |     7 |     1 ||    20
       Royal jelly       |       |       |       |       |       |     1 |       |       ||     1
       Meat ration       |       |       |       |       |       |       |     2 |     1 ||     3
Armor: Chain mail        |   115 |    96 |   182 |   290 |    12 |   494 |   552 |   256 ||  1997
       Leather armour    |     3 |       |       |       |       |       |       |       ||     3
       Mottled dragon ar |       |       |       |       |   145 |       |       |       ||   145
       Scale mail        |       |       |       |       |   355 |   435 |   119 |       ||   909
       Ring mail         |       |       |       |       |    74 |    36 |       |       ||   110
Dodge: Dodged            |    75 |    63 |    92 |   235 |   825 |   875 |   588 |   224 ||  2977
Block: Buckler           |       |       |       |       |       |       |   239 |   127 ||   366
